 Dungeon Crawl Stone Soup version 0.19-a0-1908-g43c011f (webtiles) character file.

2825 sveltemanboy the Grappler (level 9, 0/62 (63) HPs)
             Began as a Demonspawn Abyssal Knight on Oct 22, 2016.
             Was a High Priest of Lugonu.
             Slain by a vampire (3 damage)
             ... on level 8 of the Dungeon.
             The game lasted 00:19:18 (7526 turns).

sveltemanboy the Grappler (DsAK)                    Turns: 7526, Time: 00:19:19

HP:   0/62 (63)     AC:  6    Str: 16    XL:     9   Next: 45%
MP:   16/16         EV: 11    Int: 19    God:    Lugonu [*****.]
Gold: 386           SH:  0    Dex: 12    Spells: 0 memorised, 8 levels left

rFire  . . .     SeeInvis .       - Unarmed
rCold  . . .     Gourm    .     I - +0 leather armour of the Endless Hells {*Corrode rElec rPois Slay+5} (curse)
rNeg   . . .     Faith    +     (no shield)
rPois  +         Spirit   .     (helmet restricted)
rElec  +         Reflect  .     b - +1 cloak {rPois}
rCorr  .         Harm     .     (no gloves)
MR     .....                    (no boots)
Stlth  ..........               D - amulet of faith
                                s - +1 ring of protection
                                u - +1 ring of slaying

@: confused, brilliant
A: claws 1, hooves 2, horns 2, powered by pain 1
a: Depart the Abyss, Bend Space, Banish, Corrupt, Enter the Abyss, Renounce
Religion


You were on level 8 of the Dungeon.
You worshipped Lugonu.
Lugonu was extremely pleased with you.
You were not hungry.

You visited 1 branch of the dungeon, and saw 8 of its levels.
You visited the Abyss 1 time.
You also visited: Ossuary.

You collected 386 gold pieces.

Inventory:

Armour
 b - a +1 cloak of poison resistance (worn)
 v - the +2 plate armour "Riqoa" {rN+ Int+3 Dex+3 Stlth-}
   (You found it on level 4 of the Dungeon)

   It affects your intelligence (+3).
   It affects your dexterity (+3).
   It protects you from negative energy.
   It makes you less stealthy.
 I - the cursed +0 leather armour of the Endless Hells (worn) {*Corrode rElec rPois Slay+5}
   (You found it on level 6 of the Dungeon)

   It affects your accuracy and damage with ranged weapons and melee attacks
   (+5).
   It insulates you from electricity.
   It protects you from poison.
   It may corrode you when you take damage.
   It has a curse placed upon it.
Jewellery
 e - an uncursed ring of ice
 s - a +1 ring of protection (right claw)
 u - a +1 ring of slaying (left claw)
 D - an amulet of faith (around neck)
Wands
 p - a wand of lightning (3/15)
 y - a wand of heal wounds (0/9)
Scrolls
 j - 2 scrolls of amnesia
 k - 2 scrolls of teleportation
 l - 7 scrolls of remove curse
 o - a scroll of random uselessness {unknown}
 t - 3 scrolls of identify
 w - a scroll of holy word {unknown}
 F - 2 scrolls of recharging
 G - a scroll of enchant armour {unknown}
 H - a scroll of enchant weapon
Potions
 a - 3 potions of flight
 d - 3 potions of brilliance
 f - 4 potions of lignification {unknown}
 i - a potion of cancellation {unknown}
 n - 3 potions of mutation {unknown}
 q - 3 potions of haste {unknown}
 r - 2 potions of degeneration {unknown}
 x - a potion of invisibility {unknown}
 z - 6 potions of curing {unknown}
 B - 5 potions of might {unknown}
 C - a potion of resistance {unknown}
 E - a potion of berserk rage {unknown}
 J - a potion of cure mutation {unknown}
Comestibles
 c - 3 bread rations
 g - 3 slices of pizza
 h - 4 beef jerkies
 m - 4 fruits
 A - 3 meat rations
 K - 4 chunks of flesh


   Skills:
 - Level 3.0 Fighting
   Level 2.1 Polearms
 - Level 3.0 Armour
 - Level 1.0 Dodging
 * Level 9.6 Unarmed Combat
 + Level 9.6 Invocations


You had 8 spell levels left.
You didn't know any spells.

Dungeon Overview and Level Annotations

Branches:
Dungeon (8/15)             Temple (0/1) D:6
   Lair: D:8-11

Altars:
Makhleb
Okawaru
Qazlal
Xom
Yredelemnul

Shops:
D:6 :   D:7 *

Annotations:
Abyss:1 Psyche


Innate Abilities, Weirdness & Mutations

You have sharp fingernails.
You have hoof-like feet.
You have a pair of horns on your head.
You sometimes gain a little power by taking damage.


Message History

The centaur unwields an uncursed shortbow.
The centaur hits you.
* * * LOW HITPOINT WARNING * * *
The vampire hits you but does no damage.
The vampire bites you!
* * * LOW HITPOINT WARNING * * *
The vampire draws strength from your injuries!
Evoke which item? (* to show all) (? for menu, Esc to quit)
Zapping:
y - a wand of heal wounds {zapped: 2} (will waste charges)
Press: ? - help, Shift-Dir - straight line, f - you Nothing appears to happen.
The centaur hits you.
* * * LOW HITPOINT WARNING * * *
The centaur misses you. The vampire casts a spell at you.
You are more confused.
It was a potion of brilliance.
You feel clever all of a sudden.
The centaur hits you but does no damage.
The vampire closely misses you. The vampire bites you.
You die...

.'...).....
####..%)?..#
.......(...+.... .
.c..8.V....#.... ..
.......(.8.#....
...#########...#...#
..........Z'...#...#
.........cV#...#...#
..........@#...#...#
#+######.(.#####)..#
#...........###
#...........'.#
#...........#.#
#############.# ##.#
#..###### #........


You could see a vampire, a centaur and a worker ant zombie.

Vanquished Creatures
  Pikel (D:5)
  An ice beast (D:5)
  A phantom (D:7)
  2 slaves (D:5)
  3 ogres
  A necrophage (D:7)
  Blork the orc (D:5)
  3 bullfrogs
  An elf zombie (Ossuary)
  2 scorpions
  4 killer bees (D:7)
  A water moccasin skeleton (D:7)
  A howler monkey (D:4)
  4 crimson imps
  A jelly (D:7)
  5 hounds
  Crazy Yiuf (D:2)
  2 human zombies (Ossuary)
  2 orc priests
  Jessica (D:3)
  2 orc wizards
  6 worker ants
  2 iguanas
  A killer bee zombie (D:6)
  3 mummies
  A worker ant zombie (D:7)
  8 adders
  A shadow imp (D:6)
  An ooze (D:7)
  5 adder zombies
  An adder skeleton (D:5)
  2 dart slugs
  3 worms (D:2)
  6 leopard geckos
  17 orcs
  4 giant cockroaches
  8 goblins
  11 hobgoblins
  5 quokkas
  4 bats
  12 frilled lizards
  8 hobgoblin zombies (Ossuary)
  A jackal zombie (Ossuary)
  6 kobolds
  12 kobold zombies (Ossuary)
  8 orc zombies (Ossuary)
  A quokka skeleton (D:4)
  11 rats
  A rat zombie (Ossuary)
  A fungus (D:2)
190 creatures vanquished.

Notes
Turn   | Place    | Note
-------+----------+-------------------------------------------
     0 | Abyss:1  | sveltemanboy the Demonspawn Abyssal Knight began the quest for the Orb.
     0 | Abyss:1  | Reached XP level 1. HP: 18/18 MP: 2/2
    38 | D:1      | Escaped the Abyss
    80 | D:1      | Reached skill level 1 in Dodging
   307 | D:1      | Gained mutation: You have large cloven feet. [demonic ancestry]
   307 | D:1      | Reached XP level 2. HP: 21/24 MP: 4/4
  1141 | D:2      | Reached skill level 1 in Unarmed Combat
  1242 | D:2      | Found a shimmering altar of Xom.
  1269 | D:2      | Reached ** piety under Lugonu
  1287 | D:2      | Gained mutation: You have a pair of small horns on your head. [demonic ancestry]
  1287 | D:2      | Reached XP level 3. HP: 29/29 MP: 5/5
  1925 | D:2      | Gained mutation: You have hoof-like feet. [demonic ancestry]
  1925 | D:2      | Reached XP level 4. HP: 27/35 MP: 6/6
  2096 | D:2      | Found an iron altar of Okawaru.
  2261 | D:2      | Found a runed door.
  2265 | D:2      | Noticed Crazy Yiuf
  2273 | D:2      | Killed Crazy Yiuf
  2800 | D:3      | Noticed Jessica
  2812 | D:3      | Killed Jessica
  2812 | D:3      | Gained mutation: You sometimes gain a little power by taking damage. [demonic ancestry]
  2812 | D:3      | Reached XP level 5. HP: 38/41 MP: 8/8
  2996 | D:3      | Reached *** piety under Lugonu
  3248 | D:4      | Got a smoking plate armour
  3499 | D:4      | Gained mutation: You have a pair of horns on your head. [demonic ancestry]
  3499 | D:4      | Reached XP level 6. HP: 32/47 MP: 9/9
  3762 | D:4      | Reached skill level 5 in Invocations
  3763 | D:4      | Identified the +2 plate armour "Riqoa" {rN+ Int+3 Dex+3 Stlth-} (You found it on level 4 of the Dungeon)
  4091 | D:4      | Found a stormy altar of Qazlal.
  4091 | D:4      | Found a basalt altar of Yredelemnul.
  4091 | D:4      | Found a burning altar of Makhleb.
  4195 | D:5      | Entered Level 5 of the Dungeon
  4282 | D:5      | Noticed Blork the orc
  4288 | D:5      | Reached XP level 7. HP: 39/52 MP: 11/11
  4295 | D:5      | Killed Blork the orc
  4359 | D:5      | Reached skill level 5 in Unarmed Combat
  4706 | D:5      | Noticed Pikel
  4731 | D:5      | Killed Pikel
  4731 | D:5      | Gained mutation: You have sharp fingernails. [demonic ancestry]
  4731 | D:5      | Reached XP level 8. HP: 31/58 MP: 11/13
  4861 | D:5      | Found a sand-covered staircase.
  4873 | Ossuary  | Entered an ossuary
  4889 | Ossuary  | Reached **** piety under Lugonu
  5884 | D:6      | Reached ***** piety under Lugonu
  6291 | D:6      | Got a heavily runed leather armour
  6311 | D:6      | Identified the cursed +0 leather armour of the Endless Hells {*Corrode rElec rPois Slay+5} (You found it on level 6 of the Dungeon)
  6349 | D:6      | Found Haturur's Book Shoppe.
  6410 | D:6      | Reached XP level 9. HP: 63/63 MP: 15/15
  6557 | D:6      | Found a staircase to the Ecumenical Temple.
  6762 | D:7      | Found Ekhlom's General Store.
  7455 | D:8      | Noticed Psyche
  7460 | D:8      | Banished Psyche
  7525 | D:8      | HP: 3/62 [centaur (3)]
  7526 | D:8      | Slain by a vampire

Vault maps used:
D:1:      moated_graveyard_arrival
D:2:      okawaru_metal_pillars_1_2, overflow_temple_1_default,
          minmay_pentomino_u2, uniq_crazy_yiuf_cottage
D:3:      serial_glass, glass_columns_c, glass_columns_a, glass_columns_b,
          glass_columns_a, glass_columns_b, glass_columns_a, feat_on_display,
          feat_on_display, due_unseen_surprise, uniq_jessica
D:4:      gammafunk_temple_overflow_forgotten
D:5:      gup_ossuary_entry_pyramid, first_bread, uniq_blork_the_orc, uniq_pikel
D:6:      serial_shops, shop_fountains
D:7:      serial_shops, shop
D:8:      kennysheep_blocky_room, david_nohive_1, uniq_psyche
Ossuary:  ossuary_tomb_1

Skill      XL: |  1  2  3  4  5  6  7  8  9 |
---------------+----------------------------+-----
Dodging        | 1 |  1.0
Polearms       | 2 |  2.1
Armour         | 2 3 |  3.0
Invocations    | 3 4 5 7 8 9 |  9.6
Unarmed Combat | 1 2 3 4 6 8 9 |  9.6
Fighting       | |  3.0

Action                   |  1- 3 |  4- 6 |  7- 9 || total
-------------------------+-------+-------+-------++-------
Melee: Spear             |   139 |       |       ||   139
       Kick              |    15 |    52 |    83 ||   150
       Punch             |     1 |     2 |    10 ||    13
       Headbutt          |     8 |    39 |    45 ||    92
       Unarmed           |       |   237 |   316 ||   553
Invok: Banish            |       |       |     1 ||     1
Evoke: Wand              |       |       |     1 ||     1
  Use: Scroll            |       |     9 |       ||     9
       Potion            |       |       |     1 ||     1
 Stab: Distracted        |       |       |     1 ||     1
  Eat: Chunk             |     3 |     8 |    11 ||    22
Armor: Leather armour    |     5 |       |    21 ||    26
       Robe              |     5 |       |       ||     5
       Chain mail        |       |   110 |   120 ||   230
Dodge: Dodged            |    45 |    53 |    97 ||   195
